 Dungeon Crawl Stone Soup version 0.21.1-1-g345015f (webtiles) character file.

697 Mookip the Ruffian (level 7, -2/67 HPs)
             Began as a Troll Fighter on May 4, 2018.
             Was a Follower of Ru.
             Killed by divine providence
             ... invoked by an orc priest
              (15 damage)
             ... on level 4 of the Dungeon.
             The game lasted 00:12:43 (2573 turns).

Mookip the Ruffian (Troll Fighter)                  Turns: 2573, Time: 00:12:46

Health: -2/67      AC:  6    Str: 27    XL:     7   Next: 38%
Magic:  6/6        EV:  9    Int:  4    God:    Ru [*.....]
Gold:   140        SH:  9    Dex:  9    Spells: 6/6 levels left

rFire    . . .     SeeInvis .     - Unarmed
rCold    . . .     Gourm    +   b - +0 shield
rNeg     + . .     Faith    .   a - +1 robe
rPois    .         Spirit   .   (helmet restricted)
rElec    .         Reflect  .   (no cloak)
rCorr    .         Harm     +   (gloves unavailable)
MR       .....                  (boots unavailable)
Stlth    ++........             m - amulet of harm
HPRegen  0.61/turn              f - ring of positive energy
MPRegen  0.10/turn              o - ring of stealth

@: berserk cooldown, slowed, very slow
A: large, unfitting armour, claws 3, fast metabolism 3, gourmand, regeneration
1, shaggy fur 1, tough skin 2, missing an eye
a: Renounce Religion


You were on level 4 of the Dungeon.
You worshipped Ru.
Ru was aware of your devotion.
You were very full.

You visited 1 branch of the dungeon, and saw 4 of its levels.

You collected 140 gold pieces.

Inventory:

Armour
 a - a +1 robe (worn)
 b - a +0 shield (worn)
Jewellery
 f - a ring of positive energy (left claw)
 m - an amulet of harm (around neck)
 o - a ring of stealth (right claw)
Wands
 l - a wand of acid (7)
Scrolls
 e - a scroll of magic mapping {unknown}
 h - 3 scrolls of amnesia
 i - a scroll of teleportation
Potions
 c - a potion of flight
 j - a potion of curing
 n - a potion of mutation {unknown}
 p - a potion of heal wounds {unknown}
Comestibles
 d - 6 rations
 g - 10 chunks of flesh


   Skills:
 + Level 3.2 Fighting
 + Level 3.8 Dodging
 + Level 1.0 Stealth
 + Level 4.1 Shields
 + Level 5.3 Unarmed Combat


You had 6 spell levels left.
You didn't know any spells.

Dungeon Overview and Level Annotations

Branches:
Dungeon (4/15)
 Temple: D:4-7

Altars:
Ashenzari
Hepliaklqana
Kikubaaqudgha
Okawaru
Ru
Sif Muna
Trog
Wu Jian

Annotations:
D:4 Gandalfino's ghost, novice DsFi


Innate Abilities, Weirdness & Mutations

You are too large for most types of armour.
You have claws for hands.
Your metabolism is lightning-fast.
You like to eat raw meat.
Your natural rate of healing is unusually fast.
You are covered in fur. (AC +1)
You have very tough skin. (AC +2)
You are missing an eye, making it more difficult to aim.


Message History

The frilled lizard bites you but does no damage.
You mangle the frilled lizard!!
You kill the frilled lizard!
You closely miss Gandalfino's ghost. You block Gandalfino's ghost's attack.
The orc wizard gestures wildly while chanting.
The orc wizard blinks!
You barely miss Gandalfino's ghost. Gandalfino's ghost hits you!
* * * LOW HITPOINT WARNING * * *
You mangle Gandalfino's ghost!!
Gandalfino's ghost is heavily damaged.
You are no longer berserk.
You are exhausted.
You feel yourself slow down.
You claw Gandalfino's ghost!
Gandalfino's ghost is severely damaged.
Gandalfino's ghost hits you.
* * * LOW HITPOINT WARNING * * *
The orc priest invokes the aid of Beogh against you.
Beogh smites you!
You die...

##.#..≈≈≈≈≈..###.#####
#.##..≈≈≈≈≈.# #.#
#.##..≈≈≈≈..# #.#
#.#....≈≈≈..# #.#
##...⌠.......# #.#
##.........### #.#
)#######..## #.# ....#
#.## #.# #.#......#
#@# #.......##
####W####### #.......
##..ooZ.....# ...#....
#...oooo..... .#.#....
#...........<. # .. ##
#............. ##.
#............. ...
#............. ..#
...............


You could see 2 orc priests, Gandalfino's ghost, 4 orcs and a worker ant zombie.

Vanquished Creatures
  Eustachio (D:4)
  An orc warrior (D:3)
  2 ogres (D:4)
  3 orc wizards (D:3)
  2 orc priests
  A worker ant zombie (D:4)
  3 adders
  3 oozes
  2 adder skeletons (D:4)
  3 worms (D:3)
  2 dart slugs
  2 leopard geckos
  11 orcs
  2 ball pythons
  4 bats
  9 giant cockroaches
  5 goblins
  6 hobgoblins
  4 jackals (D:1)
  4 kobolds
  10 frilled lizards
  8 rats
  A plant (D:1)
89 creatures vanquished.

Vanquished Creatures (others)
  An orc (D:4)
1 creature vanquished.

Grand Total: 90 creatures vanquished

Notes
Turn   | Place    | Note
-------+----------+-------------------------------------------
     0 | D:1      | Mookip the Troll Fighter began the quest for the Orb.
     0 | D:1      | Reached XP level 1. HP: 22/22 MP: 0/0
   135 | D:1      | Reached XP level 2. HP: 29/29 MP: 1/1
   503 | D:1      | Reached XP level 3. HP: 36/36 MP: 2/2
  1209 | D:2      | Found a sacrificial altar of Ru.
  1216 | D:2      | Became a worshipper of Ru the Awakened
  1366 | D:2      | Found a shattered altar of Ashenzari.
  1484 | D:2      | Found an iron altar of Okawaru.
  1577 | D:2      | Found an ornate altar of the Wu Jian Council.
  1701 | D:3      | Reached skill level 3 in Unarmed Combat
  1701 | D:3      | Reached XP level 4. HP: 41/44 MP: 3/3
  1800 | D:3      | Reached XP level 5. HP: 52/52 MP: 4/4
  1828 | D:3      | Noticed an orc warrior
  1840 | D:3      | Killed an orc warrior
  1840 | D:3      | Reached skill level 4 in Unarmed Combat
  1946 | D:3      | Reached XP level 6. HP: 61/61 MP: 5/5
  1981 | D:3      | Found a deep blue altar of Sif Muna.
  2144 | D:3      | Found a hazy altar of Hepliaklqana.
  2214 | D:3      | Noticed a moth of wrath
  2217 | D:3      | Found a bloodstained altar of Trog.
  2317 | D:4      | Noticed Eustachio
  2328 | D:4      | Killed Eustachio
  2347 | D:4      | Reached skill level 5 in Unarmed Combat
  2347 | D:4      | Reached XP level 7. HP: 67/67 MP: 6/6
  2399 | D:4      | Found a shattered altar of Ashenzari.
  2404 | D:4      | Reached skill level 1 in Stealth
  2426 | D:4      | Gained mutation: You are missing an eye, making it more difficult to aim. [Ru sacrifice]
  2426 | D:4      | Reached * piety under Ru
  2460 | D:4      | Found an ancient bone altar of Kikubaaqudgha.
  2528 | D:4      | Noticed Gandalfino's ghost (novice DsFi)
  2573 | D:4      | Killed from afar by an orc priest

Skill      XL: |  1  2  3  4  5  6  7 |
---------------+----------------------+-----
Unarmed Combat | 3 4 5 |  5.3
Dodging        | 3 |  3.8
Shields        | 3 4 |  4.1
Fighting       | 3 |  3.2
Stealth        | 1 |  1.0

Action                   |  1- 3 |  4- 6 |  7- 9 || total
-------------------------+-------+-------+-------++-------
Melee: Unarmed           |   157 |    94 |    69 ||   320
Invok: Sacrifice an Eye  |       |       |     1 ||     1
  Use: Scroll            |     3 |     6 |     1 ||    10
       Potion            |     1 |     1 |     2 ||     4
 Stab: Sleeping          |       |     2 |     1 ||     3
  Eat: Chunk             |    17 |     7 |     1 ||    25
       Ration            |     1 |       |       ||     1
Armor: Robe              |    47 |    37 |    26 ||   110
Dodge: Dodged            |    38 |    46 |    30 ||   114
Block: Shield            |    62 |    49 |    39 ||   150
